 Dungeon Crawl Stone Soup version 0.27-a0-1555-g0e7b3fb1d2 (webtiles) character file.

Game seed: 10739440526550860887

55 Tocho the Cutter (level 3, -1/27 HPs)
             Began as a Vampire Gladiator on July 14, 2021.
             Slain by a gnoll (6 damage)
             ... on level 2 of the Dungeon.
             The game lasted 00:02:05 (1423 turns).

Tocho the Cutter (Vampire Gladiator)                Turns: 1423, Time: 00:02:05

Health: -1/27      AC:  4    Str: 13    XL:     3   Next: 67%
Magic:  3/3        EV: 13    Int: 11    God:
Gold:   106        SH:  0    Dex: 15    Spells: 2/2 levels left

rFire    . . .     SeeInvis +   a - +0 rapier
rCold    . . .     Faith    .   (no shield)
rNeg     . . .     Spirit   .   b - +0 leather armour
rPois    .         Reflect  .   c - +0 helmet
rElec    .         Harm     .   (no cloak)
rCorr    .         Rampage  .   (no gloves)
Will     +....                  (no boots)
Stlth    ++........             (no amulet)
HPRegen  0.29/turn              h - ring of willpower
MPRegen  0.08/turn              (no ring)

@: healing quickly
A: alive, fangs 3, see invisible, vampiric 2
a: Exsanguinate


You were on level 2 of the Dungeon.
You visited 1 branch of the dungeon, and saw 2 of its levels.

You collected 106 gold pieces.

Inventory:

Hand Weapons
 a - a +0 rapier (weapon)
Missiles
 d - 3 throwing nets (quivered)
Armour
 b - a +0 leather armour (worn)
 c - a +0 helmet (worn)
Jewellery
 h - a ring of willpower (left hand)
Scrolls
 f - 3 scrolls of identify {unknown}
 g - a scroll of enchant armour {unknown}
 i - a scroll of amnesia {unknown}
 j - a scroll of enchant weapon {unknown}
Potions
 e - a potion of curing {unknown}
 k - a potion of might {unknown}


   Skills:
 + Level 2.0 Fighting
 * Level 4.2 Short Blades
 + Level 1.5 Throwing
 + Level 1.0 Armour
 + Level 3.6 Dodging
 * Level 1.1 Stealth


You had 2 spell levels left.
You didn't know any spells.
Your spell library contained the following spells:

 Spells                   Type           Power      Damage    Failure   Level
 Summon Small Mammal      Summ           0%         N/A       41%         1
 Call Canine Familiar     Summ           0%         N/A       80%         3
 Summon Guardian Golem    Hex/Summ       0%         N/A       80%         3


Dungeon Overview and Level Annotations

Branches:
Dungeon (2/15)

Altars:

Shops:
D:2 [


Innate Abilities, Weirdness & Mutations

Your natural rate of healing is accelerated.
You have razor-sharp teeth.
You have supernaturally acute eyesight. (SInv)
You are afflicted with vampirism and can become a bat while bloodless.


Message History

The hobgoblin barely misses you.
You completely miss the hobgoblin.
The hobgoblin is lightly wounded.
The hobgoblin hits you.
A hobgoblin is nearby!
You barely miss the hobgoblin.
The hobgoblin is lightly wounded.
The hobgoblin hits you.
A hobgoblin is nearby!
You puncture the hobgoblin!
You kill the hobgoblin!
No target in view!
No target in view!
No target in view!
No target in view!
A gnoll comes into view. It is wielding a +0 flail.
You see here a hobgoblin corpse.
A gnoll comes into view. It is wielding a +0 flail.
A gnoll comes into view. It is wielding a +0 halberd.
Found an amethyst potion.
A gnoll comes into view. It is wielding a +0 flail.
The gnoll shouts! x2
You hit the gnoll.
The gnoll is lightly wounded.
The gnoll hits you with a +0 flail.
You hit the gnoll.
The gnoll is lightly wounded.
The gnoll closely misses you.
You hit the gnoll.
The gnoll is heavily wounded.
The gnoll misses you. The gnoll barely misses you.
You hit the gnoll but do no damage.
The gnoll is heavily wounded.
The gnoll hits you with a +0 flail! The gnoll closely misses you.
The gnoll hits you but does no damage.
You are too injured to fight recklessly!
The gnoll hits you with a +0 halberd!
* * * LOW HITPOINT WARNING * * *
The gnoll hits you from afar with a +0 halberd.
You die...

#.........#
#.........#
###.####### #.#
##.# #######
####..#
.......##.##.##
..........##..#
.......@##.†###
........##.>#
######ggg.##..#
#.g#.# .##
#?......#
#.......#
#.......#
#.....!...
#.......###


You could see 4 gnolls.

Vanquished Creatures
  5 ball pythons
  4 bats (D:1)
  6 endoplasms
  3 giant cockroaches (D:1)
  A hobgoblin (D:2)
  11 jackals
  5 kobolds
  2 quokkas (D:1)
  3 frilled lizards (D:1)
  5 goblins
  4 rats (D:1)
49 creatures vanquished.

Notes
Turn   | Place    | Note
-------+----------+-------------------------------------------
     0 | D:1      | Tocho the Vampire Gladiator began the quest for the Orb.
     0 | D:1      | Reached XP level 1. HP: 16/16 MP: 1/1
   191 | D:1      | Reached XP level 2. HP: 19/22 MP: 2/2
   205 | D:1      | Found a faded altar of an unknown god.
   521 | D:1      | Reached skill level 1 in Stealth
   564 | D:1      | Reached skill level 4 in Short Blades
   566 | D:1      | Gained mutation: You are afflicted with vampirism and can
                  | become a bat while bloodless. [Vampire growth]
   566 | D:1      | Reached XP level 3. HP: 22/27 MP: 3/3
  1068 | D:1      | Reached skill level 1 in Armour
  1294 | D:2      | Found Cubunyus's Armour Shop.
  1423 | D:2      | Slain by a gnoll

Illustrated notes

Levels and vault maps discovered:
D:1:      mrwooster_arrival_arrow, layout_loops_corners, serial_aquarium,
          aquarium_bridge_straight [aquarium_subvault_bridge,
          aquarium_subvault_wall, aquarium_subvault_bridge,
          aquarium_subvault_wall], aquarium_window_corridor_2,
          aquarium_window_fake, aquarium_window_double, aquarium_view_2a,
          aquarium_pool_2, chequers_ecumenical_altar_simple,
          corexii_item_surrounded_by_moat, minmay_split_cup_large
D:2:      layout_basic, serial_shops, nicolae_shop_stone, st_stairs_7,
          grunt_ministairs_7

Skill      XL: |  1  2  3 |
---------------+----------+-----
Stealth        | 1 |  1.1
Short Blades   | 4 |  4.2
Armour         | 1 |  1.0
Fighting       | 2 |  2.0
Throwing       | |  1.5
Dodging        | |  3.6

Action                   || total
-------------------------++-------
Melee: Rapier            ||   158
       Bite              ||    14
 Stab: Sleeping          ||     1
Armor: Leather armour    ||    47
Dodge: Dodged            ||   110

Table legend: (Time is in decaauts)
 A = Elapsed time spent in this place.
 B = Non-inter-level travel time spent in this place.
 C = Inter-level travel time spent in this place.
 D = Time resting spent in this place.
 E = Time spent auto-exploring this place.
 F = Levels seen in this place.
 G = Mean time per level.
                   A        B        C        D        E       F      G
               +--------+--------+--------+--------+--------+-----+--------+
         Total |   1423 |   1412 |     11 |      0 |   1109 |   2 |  711.5 |
       Dungeon |   1423 |   1412 |     11 |      0 |   1109 |   2 |  711.5 |
               +--------+--------+--------+--------+--------+-----+--------+

Top non-repeatable levels by time:
     D:1: 1126 daAuts
     D:2: 296 daAuts
